3L
PITTSBURGH KINGFISHERS @ ATHLETIC CLUB KC
07/29/2041
 
TOP OF THE 1ST
Pittsburgh Kingfishers batting - Pitching for Athletic Club KC : RHP Matt Martin
Pitching: RHP Matt Martin
Batting: SHB Yeow-whye Zhu 0-0: Ball
1-0: Swinging Strike
1-1: Ball
2-1: Ground out 6-3 (Groundball, 4M, EV 100.6 MPH)
Batting: RHB Phil McCroskey 0-0: Called Strike
0-1: SOLO HOME RUN (Flyball, 7LD, EV 101.9 MPH), Distance : 360 ft
Batting: SHB Gerrie Bond 0-0: Fly out, F7 (Flyball, 7, EV 80.0 MPH)
Batting: RHB Kjartan Einarsson 0-0: Foul Ball, location: 2F
0-1: Ball
1-1: Called Strike
1-2: Fly out, F5 (Popup, 56, EV 80.6 MPH)
Top of the 1st over - 1 run, 1 hit, 0 errors, 0 left on base; Pittsburgh 1 - Athletic Club KC 0
BOTTOM OF THE 1ST
Athletic Club KC batting - Pitching for Pittsburgh Kingfishers : RHP Nam-shik Kwak
Pitching: RHP Nam-shik Kwak
Batting: LHB César Núñez 0-0: Ball
1-0: Ball
2-0: SINGLE (Line Drive, 9S, EV 90.0 MPH)
Batting: RHB Ali Ben Bongo 0-0: Ball
1-0: Ball
2-0: Foul Ball, location: 2F
2-1: Ball
3-1: Base on Balls
César Núñez to second
Batting: RHB Jimbob Ghostkeeper 0-0: Ball
1-0: Ball
2-0: Foul Ball, location: 2F
2-1: Ball
3-1: Foul Ball, location: 2F
3-2: Strikes out swinging
Batting: RHB Shou-xin Quian 0-0: Ball
1-0: Fielders Choice at 2nd, 6-4 (Groundball, 6, EV 80.0 MPH)
César Núñez to third
Batting: LHB Miguel Fernández 0-0: Ball
1-0: Called Strike
1-1: Fly out, F7 (Flyball, 78M, EV 92.5 MPH)
Bottom of the 1st over - 0 runs, 1 hit, 0 errors, 2 left on base; Pittsburgh 1 - Athletic Club KC 0
TOP OF THE 2ND
Pittsburgh Kingfishers batting - Pitching for Athletic Club KC : RHP Matt Martin
Batting: RHB Krystof Melichar 0-0: Foul Ball, location: 2F
0-1: TRIPLE (Flyball, 78XD, EV 93.8 MPH)
Batting: RHB Adam Smith 0-0: Called Strike
0-1: Ball
1-1: Foul Ball, location: 2F
1-2: Ball
2-2: Ground out 6-3 (Groundball, 6, EV 89.4 MPH)
Krystof Melichar scores
Batting: LHB Royce Foster 0-0: Ball
1-0: Ground out 1-3 (Groundball, 13, EV 80.0 MPH)
Batting: RHB Loring Rommel 0-0: Ball
1-0: Ball
2-0: Swinging Strike
2-1: TRIPLE (Line Drive, 9LD, EV 107.5 MPH)
Batting: RHB Junior Young 0-0: Called Strike
0-1: Ball
1-1: Foul Ball, location: 2F
1-2: Foul Ball, location: 2F
1-2: Ground out 6-3 (Groundball, 6, EV 80.0 MPH)
Top of the 2nd over - 1 run, 2 hits, 0 errors, 1 left on base; Pittsburgh 2 - Athletic Club KC 0
BOTTOM OF THE 2ND
Athletic Club KC batting - Pitching for Pittsburgh Kingfishers : RHP Nam-shik Kwak
Batting: RHB José de la Cavallería 0-0: Ground out 6-3 (Groundball, 6, EV 107.5 MPH)
Batting: SHB Noel Lancaster 0-0: Foul Ball, location: 2F
0-1: Foul Ball, location: 2F
0-2: Foul Ball, location: 2F
0-2: Foul Ball, location: 2F
0-2: Strikes out swinging
Batting: RHB Shane Reyes 0-0: Foul Ball, location: 2F
0-1: Ball
1-1: Swinging Strike
1-2: Foul Ball, location: 2F
1-2: Ball
2-2: Strikes out swinging
Bottom of the 2nd over - 0 runs, 0 hits, 0 errors, 0 left on base; Pittsburgh 2 - Athletic Club KC 0
TOP OF THE 3RD
Pittsburgh Kingfishers batting - Pitching for Athletic Club KC : RHP Matt Martin
Batting: SHB Yeow-whye Zhu 0-0: Ball
1-0: Called Strike
1-1: Ball
2-1: SINGLE (Line Drive, 9S, EV 98.8 MPH)
Batting: RHB Phil McCroskey 0-0: Ball
1-0: Fly out, F7 (Flyball, 78XD, EV 101.9 MPH)
Batting: SHB Gerrie Bond 0-0: Ball
1-0: Called Strike
1-1: Swinging Strike
1-2: DOUBLE (Groundball, 3D, EV 102.5 MPH)
Yeow-whye Zhu to third
Batting: RHB Kjartan Einarsson 0-0: Ball
1-0: SINGLE (Groundball, 34D, EV 99.4 MPH)
Yeow-whye Zhu scores
Gerrie Bond to third
Batting: RHB Krystof Melichar 0-0: Ball
1-0: Called Strike
1-1: Ball
2-1: Fly out, F8 (Flyball, 8LM, EV 83.1 MPH)
Batting: RHB Adam Smith 0-0: Swinging Strike
0-1: Ball
1-1: Swinging Strike
1-2: Ball
2-2: Foul Ball, location: 2F
2-2: Ground out 1-3 (Groundball, 13, EV 91.2 MPH)
Top of the 3rd over - 1 run, 3 hits, 0 errors, 2 left on base; Pittsburgh 3 - Athletic Club KC 0
BOTTOM OF THE 3RD
Athletic Club KC batting - Pitching for Pittsburgh Kingfishers : RHP Nam-shik Kwak
Batting: RHB Gabriel Martínez 0-0: Called Strike
0-1: Foul Ball, location: 2F
0-2: Strikes out swinging
Batting: LHB César Núñez 0-0: Ball
1-0: Ground out 1-3 (Groundball, 34S, EV 86.2 MPH)
Batting: RHB Ali Ben Bongo 0-0: Swinging Strike
0-1: Swinging Strike
0-2: Foul Ball, location: 2F
0-2: SINGLE (Groundball, 34D, EV 106.2 MPH)
Batting: RHB Jimbob Ghostkeeper 0-0: Foul Ball, location: 2F
0-1: Ball
1-1: Ball
2-1: Ground out 1-3 (Groundball, 13, EV 70.0 MPH)
Bottom of the 3rd over - 0 runs, 1 hit, 0 errors, 1 left on base; Pittsburgh 3 - Athletic Club KC 0
TOP OF THE 4TH
Pittsburgh Kingfishers batting - Pitching for Athletic Club KC : RHP Matt Martin
Batting: LHB Royce Foster 0-0: Foul Ball, location: 2F
0-1: Foul Ball, location: 2F
0-2: Strikes out looking
Batting: RHB Loring Rommel 0-0: Ball
1-0: Ball
2-0: Swinging Strike
2-1: Ball
3-1: Fly out, F8 (Flyball, 78M, EV 88.8 MPH)
Batting: RHB Junior Young 0-0: SINGLE (Groundball, 34D, EV 94.4 MPH)
Batting: SHB Yeow-whye Zhu 0-0: Ball
1-0: Swinging Strike
1-1: Ball
2-1: Foul Ball, location: 2F
2-2: Fielders Choice at 2nd, 6-4 (Groundball, 6, EV 88.1 MPH)
Top of the 4th over - 0 runs, 1 hit, 0 errors, 1 left on base; Pittsburgh 3 - Athletic Club KC 0
BOTTOM OF THE 4TH
Athletic Club KC batting - Pitching for Pittsburgh Kingfishers : RHP Nam-shik Kwak
Batting: RHB Shou-xin Quian 0-0: Ball
1-0: SINGLE (Line Drive, 6M, EV 95.6 MPH)
Batting: LHB Miguel Fernández 0-0: Called Strike
0-1: Ball
1-1: Foul Ball, location: 2F
1-2: Ball
2-2: Strikes out swinging
Batting: RHB José de la Cavallería 0-0: Called Strike
0-1: Foul Ball, location: 2F
0-2: Ball
1-2: Strikes out swinging
Batting: SHB Noel Lancaster 0-0: Ball
1-0: Ball
2-0: Foul Ball, location: 2F
2-1: Foul Ball, location: 2F
2-2: Foul Ball, location: 2F
2-2: Ball
Wild Pitch!
Shou-xin Quian to second
3-2: Ground out 5-3 (Groundball, 56, EV 101.2 MPH)
Bottom of the 4th over - 0 runs, 1 hit, 0 errors, 1 left on base; Pittsburgh 3 - Athletic Club KC 0
TOP OF THE 5TH
Pittsburgh Kingfishers batting - Pitching for Athletic Club KC : RHP Matt Martin
Batting: RHB Phil McCroskey 0-0: Called Strike
0-1: Ball
1-1: Ball
2-1: Ball
3-1: Called Strike
3-2: Base on Balls
Batting: SHB Gerrie Bond 0-0: Ball
1-0: Fielders Choice at 2nd, 1-6 (Groundball, P, EV 85.0 MPH)
Batting: RHB Kjartan Einarsson 0-0: SINGLE (Flyball, 9S, EV 93.8 MPH)
Gerrie Bond to second
Runner from 2nd tries for 3rd, SAFE, throw by RF made to third
Batting: RHB Krystof Melichar 0-0: Fielders Choice at 2nd, 4-6 (Groundball, 4, EV 81.9 MPH)
Gerrie Bond scores
Batting: RHB Adam Smith 0-0: Ball
Krystof Melichar steals 2nd base (no throw)
1-0: Ball
2-0: Called Strike
2-1: Foul Ball, location: 2F
2-2: Foul Ball, location: 2F
2-2: Ball
3-2: Fly out, F7 (Flyball, 7D, EV 98.8 MPH)
Top of the 5th over - 1 run, 1 hit, 0 errors, 1 left on base; Pittsburgh 4 - Athletic Club KC 0
BOTTOM OF THE 5TH
Athletic Club KC batting - Pitching for Pittsburgh Kingfishers : RHP Nam-shik Kwak
Batting: RHB Shane Reyes 0-0: Ball
1-0: Ball
2-0: Fly out, F9 (Flyball, 9S, EV 83.1 MPH)
Batting: RHB Gabriel Martínez 0-0: Called Strike
0-1: Foul Ball, location: 2F
0-2: Ground out 5-3 (Groundball, 56S, EV 78.1 MPH)
Batting: LHB César Núñez 0-0: Swinging Strike
0-1: Ball
1-1: Called Strike
1-2: Ball
2-2: Foul Ball, location: 2F
2-2: Strikes out swinging, 2-3 out at first.
Bottom of the 5th over - 0 runs, 0 hits, 0 errors, 0 left on base; Pittsburgh 4 - Athletic Club KC 0
TOP OF THE 6TH
Pittsburgh Kingfishers batting - Pitching for Athletic Club KC : RHP Matt Martin
Batting: LHB Royce Foster 0-0: Called Strike
0-1: SINGLE (Groundball, 4MD, EV 99.4 MPH)
Batting: RHB Loring Rommel 0-0: Foul Ball, location: 2F
0-1: 2-RUN HOME RUN (Flyball, 7D, EV 99.4 MPH), Distance : 382 ft
Pitching: RHP Pedro Herrera
Batting: RHB Junior Young 0-0: DOUBLE (Line Drive, 8RXD, EV 111.9 MPH)
Pinch Runner at 2nd Hong-bo Zhui:
Batting: SHB Yeow-whye Zhu 0-0: SINGLE (Groundball, 34D, EV 97.5 MPH)
Hong-bo Zhui to third
Runner from 3rd tries for Home, SAFE, no throw by RF
Batting: RHB Phil McCroskey 0-0: Called Strike
0-1: Swinging Strike
0-2: Foul Ball, location: 2F
0-2: Strikes out swinging
Batting: SHB Gerrie Bond 0-0: Ball
1-0: Ball
2-0: Ball
3-0: Called Strike
3-1: Base on Balls
Yeow-whye Zhu to second
Batting: RHB Kjartan Einarsson 0-0: Foul Ball, location: 2F
0-1: Ball
1-1: Ball
2-1: 3-RUN HOME RUN (Flyball, 78XD, EV 98.8 MPH), Distance : 411 ft
Pitching: LHP Francisco González
Batting: RHB Krystof Melichar 0-0: Called Strike
0-1: Fly out, F7 (Flyball, 7, EV 88.1 MPH)
Batting: RHB Adam Smith 0-0: Ball
1-0: Foul Ball, location: 2F
1-1: Foul Ball, location: 2F
1-2: Fly out, F7 (Flyball, 7LS, EV 80.6 MPH)
Top of the 6th over - 6 runs, 5 hits, 0 errors, 0 left on base; Pittsburgh 10 - Athletic Club KC 0
BOTTOM OF THE 6TH
Athletic Club KC batting - Pitching for Pittsburgh Kingfishers : RHP Nam-shik Kwak
Now at C: David Elías
Batting: RHB Ali Ben Bongo 0-0: Ball
1-0: Fly out, F9 (Flyball, 89D, EV 99.4 MPH)
Batting: RHB Jimbob Ghostkeeper 0-0: Ball
1-0: Foul Ball, location: 2F
1-1: Ball
2-1: Foul Ball, location: 2F
2-2: Strikes out swinging
Batting: RHB Shou-xin Quian 0-0: Foul Ball, location: 2F
0-1: Called Strike
0-2: Foul Ball, location: 2F
0-2: Foul Ball, location: 2F
0-2: Foul Ball, location: 2F
0-2: Ground out 4-3 (Groundball, 4D, EV 106.9 MPH)
Bottom of the 6th over - 0 runs, 0 hits, 0 errors, 0 left on base; Pittsburgh 10 - Athletic Club KC 0
TOP OF THE 7TH
Pittsburgh Kingfishers batting - Pitching for Athletic Club KC : LHP Francisco González
Batting: LHB Royce Foster 0-0: Ball
1-0: Swinging Strike
1-1: Ball
2-1: Swinging Strike
2-2: Ball
3-2: Strikes out swinging
Batting: RHB Loring Rommel 0-0: Ball
1-0: SINGLE (Groundball, 56D, EV 99.4 MPH)
Batting: RHB David Elías 0-0: Called Strike
0-1: Ball
1-1: Swinging Strike
1-2: Strikes out swinging
Batting: SHB Yeow-whye Zhu 0-0: 2-RUN HOME RUN (Flyball, 7D, EV 96.9 MPH), Distance : 414 ft
Batting: RHB Phil McCroskey 0-0: Ball
1-0: Foul Ball, location: 2F
1-1: Foul Ball, location: 2F
1-2: Ball
2-2: SINGLE (Groundball, 6MD, EV 94.4 MPH)
Batting: SHB Gerrie Bond 0-0: SINGLE (Groundball, 4, EV 105.6 MPH) (infield hit)
Phil McCroskey to second
Batting: RHB Kjartan Einarsson 0-0: Ball
1-0: Called Strike
1-1: Ball
2-1: Called Strike
2-2: Ball
3-2: Foul Ball, location: 2F
3-2: Foul Ball, location: 2F
3-2: Fly out, F7 (Flyball, 7D, EV 103.8 MPH)
Top of the 7th over - 2 runs, 4 hits, 0 errors, 2 left on base; Pittsburgh 12 - Athletic Club KC 0
BOTTOM OF THE 7TH
Athletic Club KC batting - Pitching for Pittsburgh Kingfishers : RHP Nam-shik Kwak
Batting: LHB Miguel Fernández 0-0: Swinging Strike
0-1: Foul Ball, location: 2F
0-2: Ball
1-2: Fly out, F7 (Flyball, 78D, EV 83.8 MPH)
Batting: RHB José de la Cavallería 0-0: Called Strike
0-1: Swinging Strike
0-2: Ball
1-2: Ball
2-2: Strikes out looking
Batting: SHB Noel Lancaster 0-0: Swinging Strike
0-1: Foul Ball, location: 2F
0-2: Ball
1-2: SINGLE (Line Drive, 9S, EV 91.9 MPH)
Batting: RHB Shane Reyes 0-0: Fly out, F7 (Flyball, 7, EV 89.4 MPH)
Bottom of the 7th over - 0 runs, 1 hit, 0 errors, 1 left on base; Pittsburgh 12 - Athletic Club KC 0
TOP OF THE 8TH
Pittsburgh Kingfishers batting - Pitching for Athletic Club KC : LHP Francisco González
Batting: RHB Krystof Melichar 0-0: Ball
1-0: Ball
2-0: Foul Ball, location: 2F
2-1: Called Strike
2-2: Ball
3-2: Strikes out swinging
Batting: RHB Adam Smith 0-0: Ball
1-0: Ball
2-0: Fly out, F5 (Popup, 5S, EV 86.2 MPH)
Batting: LHB Royce Foster 0-0: Called Strike
0-1: Ground out 1-3 (Groundball, 34S, EV 93.8 MPH)
Top of the 8th over - 0 runs, 0 hits, 0 errors, 0 left on base; Pittsburgh 12 - Athletic Club KC 0
BOTTOM OF THE 8TH
Athletic Club KC batting - Pitching for Pittsburgh Kingfishers : RHP Nam-shik Kwak
Batting: RHB Gabriel Martínez 0-0: Ball
1-0: Ball
2-0: Foul Ball, location: 2F
2-1: Foul Ball, location: 2F
2-2: Strikes out swinging
Pitching: RHP Marvin Martin
Pinch Hitting: RHB Wade Tazewell 0-0: Called Strike
0-1: Ball
1-1: Ball
2-1: Foul Ball, location: 2F
2-2: Strikes out swinging
Batting: RHB Ali Ben Bongo 0-0: Foul Ball, location: 2F
0-1: Foul Ball, location: 2F
0-2: Ground out 1-3 (Groundball, 34S, EV 93.1 MPH)
Bottom of the 8th over - 0 runs, 0 hits, 0 errors, 0 left on base; Pittsburgh 12 - Athletic Club KC 0
TOP OF THE 9TH
Pittsburgh Kingfishers batting - Pitching for Athletic Club KC : LHP Francisco González
Now in LF: Joe Aller
Batting: RHB Loring Rommel 0-0: Called Strike
0-1: Ball
1-1: Ball
2-1: Ball
3-1: Foul Ball, location: 2F
3-2: Fly out, F5 (Popup, 25F, EV 85.0 MPH)
Batting: RHB David Elías 0-0: Called Strike
0-1: Foul Ball, location: 2F
0-2: Fly out, F6 (Line Drive, 6, EV 70.6 MPH)
Batting: SHB Yeow-whye Zhu 0-0: Called Strike
0-1: Ground out 1-3 (Groundball, 13S, EV 63.1 MPH)
Top of the 9th over - 0 runs, 0 hits, 0 errors, 0 left on base; Pittsburgh 12 - Athletic Club KC 0
BOTTOM OF THE 9TH
Athletic Club KC batting - Pitching for Pittsburgh Kingfishers : RHP Marvin Martin
Batting: RHB Jimbob Ghostkeeper 0-0: Called Strike
0-1: Ball
1-1: Ball
2-1: Fly out, F4 (Popup, 3S, EV 91.2 MPH)
Batting: RHB Shou-xin Quian 0-0: Swinging Strike
0-1: Ball
1-1: Ground out 1-3 (Groundball, P, EV 76.9 MPH)
Batting: LHB Miguel Fernández 0-0: Swinging Strike
0-1: Swinging Strike
0-2: Foul Ball, location: 2F
0-2: Ball
1-2: Foul Ball, location: 2F
1-2: Foul Ball, location: 2F
1-2: Foul Ball, location: 2F
1-2: SINGLE (Groundball, 34D, EV 100.0 MPH)
Batting: RHB José de la Cavallería 0-0: Called Strike
0-1: Called Strike
0-2: Ball
1-2: Ball
2-2: Strikes out swinging
Bottom of the 9th over - 0 runs, 1 hit, 0 errors, 1 left on base; Pittsburgh 12 - Athletic Club KC 0
Tuesday, January 5th, 2021 - OOTP Baseball 20.8 Build 74